[ AOE2 MATCH · #513645889 ]
UnrankedShu vs Bulgarians
Player's team · WIN
[ REPLAY ANALYSIS · EXTRACTED FROM THE RECORDED GAME ]
Feudal
9:43
Castle
—
Imperial
—
| APM avg | 42.0 |
| APM peak | 77 |
| eAPM avg | 18.2 |
| Villagers / military | 49 / 22 |
Focus
⚔️ 30.8% · 🌾 69.2%
Archer ×22
Feudal
—
Castle
—
Imperial
—
| APM avg | 37.0 |
| APM peak | 86 |
| eAPM avg | 17.4 |
| Villagers / military | 59 / 0 |
Focus
⚔️ 23.5% · 🌾 76.5%
Match map
Initial resources + every placement click. Lines = walls · curves = elevation contours. ◆ gold · ⬟ stone · ● berries · ✦ relic · ◌ wall gap
Your base· Open — unwalled flank
Redwood MC9's base· Open — unwalled flank
Smoothed initial terrain · ◌ = detected wall gap · hover for details
Inputs per minute
— alican43 - - Redwood MC9
Build order — alican43
124 actions detected in the replay
| 0:00 | Queue | Villager (Male) |
| 0:01 | Queue | Villager (Male) |
| 0:02 | Build | House |
| 0:03 | Build | House |
| 0:18 | Queue | Villager (Male) |
| 0:18 | Queue | Villager (Male) |
| 1:25 | Queue | Villager (Male) |
| 1:25 | Queue | Villager (Male) |
| 1:57 | Build | Lumber Camp |
| 2:00 | Queue | Villager (Male) |
| 2:01 | Queue | Villager (Male) |
| 2:23 | Queue | Villager (Male) |
| 2:48 | Queue | Villager (Male) |
| 3:09 | Build | House |
| 3:19 | Queue | Villager (Male) |
| 3:19 | Queue | Villager (Male) |
| 3:48 | Queue | Villager (Male) |
| 3:49 | Queue | Villager (Male) |
| 4:00 | Queue | Villager (Male) |
| 4:21 | Build | Mill |
| 4:40 | Queue | Villager (Male) |
| 4:40 | Queue | Villager (Male) |
| 5:16 | Queue | Villager (Male) |
| 5:16 | Queue | Villager (Male) |
| 5:22 | Build | House |
| 5:23 | Build | Palisade Wall |
| 5:24 | Build | Palisade Wall |
| 5:24 | Build | Palisade Wall |
| 5:25 | Build | Palisade Wall |
| 5:25 | Build | Palisade Wall |
| 5:26 | Build | Palisade Wall |
| 5:27 | Build | Palisade Wall |
| 5:27 | Build | Palisade Wall |
| 5:28 | Build | Palisade Wall |
| 5:34 | Queue | Villager (Male) |
| 5:34 | Queue | Villager (Male) |
| 6:00 | Queue | Villager (Male) |
| 6:23 | Queue | Villager (Male) |
| 6:49 | Research | Loom |
| 7:33 | Research | Feudal Age |
| 8:01 | Build | Barracks |
| 8:18 | Build | Mining Camp |
| 8:20 | Queue | Villager (Male) |
| 8:29 | Queue | Villager (Male) |
| 8:50 | Build | House |
| 8:51 | Build | Palisade Wall |
| 8:52 | Build | Palisade Wall |
| 8:52 | Build | Palisade Wall |
| 8:53 | Build | Palisade Wall |
| 8:53 | Build | Palisade Wall |
| 8:54 | Build | Palisade Wall |
| 8:54 | Build | Palisade Wall |
| 8:55 | Build | Palisade Wall |
| 8:56 | Build | Palisade Wall |
| 8:56 | Build | Palisade Wall |
| 8:57 | Build | Palisade Wall |
| 9:00 | Queue | Villager (Male) |
| 9:43 | Age | Feudal Age |
| 9:44 | Build | Archery Range |
| 9:47 | Research | Double-Bit Axe |
| 9:48 | Queue | Villager (Male) |
| 10:06 | Queue | Villager (Male) |
| 10:26 | Queue | Archer |
| 10:27 | Queue | Archer |
| 10:41 | Build | Lumber Camp |
| 10:53 | Queue | Villager (Male) |
| 10:53 | Queue | Villager (Male) |
| 11:14 | Queue | Villager (Male) |
| 11:25 | Build | House |
| 11:43 | Build | Mining Camp |
| 11:48 | Queue | Archer |
| 11:52 | Build | House |
| 12:36 | Queue | Archer |
| 12:36 | Queue | Archer |
| 12:44 | Queue | Villager (Male) |
| 12:56 | Queue | Archer |
| 13:20 | Build | Blacksmith |
| 13:52 | Research | Fletching |
| 14:01 | Queue | Archer |
| 14:05 | Build | House |
| 14:06 | Build | House |
| 14:24 | Queue | Archer |
| 14:24 | Queue | Archer |
| 14:36 | Queue | Archer |
| 17:08 | Queue | Archer |
| 17:08 | Queue | Archer |
| 17:13 | Queue | Archer |
| 18:03 | Build | Archery Range |
| 18:49 | Queue | Archer |
| 18:50 | Queue | Archer |
| 19:09 | Build | Town Center |
| 19:16 | Queue | Archer |
| 19:48 | Queue | Archer |
| 20:15 | Queue | Villager (Male) |
| 20:16 | Queue | Villager (Male) |
| 20:16 | Queue | Villager (Male) |
| 20:22 | Build | Mill |
| 20:32 | Queue | Archer |
| 21:29 | Queue | Villager (Male) |
| 21:29 | Queue | Villager (Male) |
| 21:55 | Queue | Villager (Male) |
| 22:11 | Build | Mining Camp |
| 22:30 | Queue | Archer |
| 22:31 | Queue | Archer |
| 22:31 | Queue | Archer |
| 22:34 | Queue | Villager (Male) |
| 22:34 | Queue | Villager (Male) |
| 23:04 | Queue | Villager (Male) |
| 23:16 | Queue | Archer |
| 23:20 | Build | House |
| 23:21 | Build | House |
| 23:36 | Build | Watch Tower |
| 23:43 | Build | House |
| 23:46 | Build | House |
| 23:49 | Build | House |
| 23:54 | Build | House |
| 24:10 | Queue | Villager (Male) |
| 24:22 | Queue | Villager (Male) |
| 24:23 | Queue | Villager (Male) |
| 24:55 | Queue | Villager (Male) |
| 24:55 | Queue | Villager (Male) |
| 25:07 | Queue | Villager (Male) |
| 25:07 | Queue | Villager (Male) |
| 25:07 | Queue | Villager (Male) |
Build order — Redwood MC9
87 actions detected in the replay
| 0:00 | Queue | Villager (Male) |
| 0:00 | Queue | Villager (Male) |
| 0:02 | Build | House |
| 0:03 | Build | House |
| 0:29 | Queue | Villager (Male) ×2 |
| 0:29 | Queue | Villager (Male) ×2 |
| 1:26 | Queue | Villager (Male) |
| 1:44 | Queue | Villager (Male) |
| 1:48 | Build | House |
| 2:14 | Build | Lumber Camp |
| 2:16 | Build | House |
| 2:24 | Queue | Villager (Male) |
| 2:24 | Queue | Villager (Male) |
| 2:59 | Queue | Villager (Male) |
| 3:00 | Queue | Villager (Male) |
| 3:37 | Build | Palisade Gate |
| 3:46 | Research | Loom |
| 4:07 | Queue | Villager (Male) |
| 4:07 | Queue | Villager (Male) |
| 4:29 | Queue | Villager (Male) |
| 4:30 | Queue | Villager (Male) |
| 5:19 | Queue | Villager (Male) ×2 |
| 5:45 | Build | House |
| 5:46 | Build | Palisade Wall |
| 5:52 | Queue | Villager (Male) |
| 5:52 | Queue | Villager (Male) |
| 6:36 | Queue | Villager (Male) |
| 6:36 | Queue | Villager (Male) |
| 6:52 | Build | Palisade Gate |
| 6:53 | Build | House |
| 7:18 | Build | House |
| 7:28 | Queue | Villager (Male) |
| 7:44 | Queue | Villager (Male) |
| 8:15 | Queue | Villager (Male) |
| 8:33 | Queue | Villager (Male) |
| 9:01 | Queue | Villager (Male) |
| 9:31 | Queue | Villager (Male) |
| 10:07 | Build | Town Center |
| 10:28 | Build | Palisade Gate |
| 10:31 | Build | Palisade Wall |
| 10:58 | Queue | Villager (Male) ×3 |
| 10:58 | Queue | Villager (Male) ×3 |
| 11:09 | Build | Mill |
| 11:51 | Queue | Villager (Male) |
| 11:52 | Queue | Villager (Male) ×2 |
| 11:52 | Queue | Villager (Male) |
| 13:56 | Queue | Villager (Male) |
| 13:57 | Queue | Villager (Male) |
| 13:57 | Queue | Villager (Male) |
| 15:26 | Build | Town Center |
| 16:00 | Build | House |
| 16:03 | Build | Palisade Wall |
| 16:14 | Build | House |
| 17:16 | Build | Mill |
| 18:33 | Build | Barracks |
| 18:53 | Build | Barracks |
| 19:00 | Queue | Villager (Male) ×2 |
| 19:00 | Queue | Villager (Male) ×2 |
| 19:22 | Build | Farm |
| 19:25 | Build | Farm |
| 19:27 | Build | Farm |
| 19:33 | Build | Farm |
| 19:51 | Build | Mining Camp |
| 20:05 | Build | Farm |
| 20:18 | Queue | Villager (Male) |
| 20:19 | Queue | Villager (Male) |
| 20:23 | Build | Palisade Gate |
| 20:25 | Build | House |
| 20:46 | Queue | Villager (Male) |
| 20:46 | Queue | Villager (Male) |
| 20:47 | Queue | Villager (Male) |
| 21:22 | Build | Farm |
| 21:28 | Queue | Villager (Male) ×3 |
| 22:01 | Build | Farm |
| 22:04 | Build | Farm |
| 22:06 | Build | Palisade Wall |
| 22:25 | Build | Palisade Wall |
| 22:27 | Build | Palisade Wall |
| 22:57 | Queue | Villager (Male) |
| 22:57 | Queue | Villager (Male) |
| 23:48 | Build | Town Center |
| 24:02 | Build | Town Center |
| 24:14 | Build | Town Center |
| 25:13 | Queue | Villager (Male) |
| 25:13 | Queue | Villager (Male) |
| 25:13 | Queue | Villager (Male) |
| 25:14 | Queue | Villager (Male) |
Match timeline
| 5:23 | alican43 · wall_segment Palisade Wall x2 |
| 5:24 | alican43 · wall_segment Palisade Wall x1 |
| 5:24 | alican43 · wall_segment Palisade Wall x1 |
| 5:25 | alican43 · wall_segment Palisade Wall x1 |
| 5:25 | alican43 · wall_segment Palisade Wall x1 |
| 5:26 | alican43 · wall_segment Palisade Wall x1 |
| 5:27 | alican43 · wall_segment Palisade Wall x1 |
| 5:27 | alican43 · wall_segment Palisade Wall x1 |
| 5:28 | alican43 · wall_segment Palisade Wall x1 |
| 5:46 | Redwood MC9 · wall_segment Palisade Wall x1 |
| 8:01 | alican43 · first_building Barracks |
| 8:51 | alican43 · wall_segment Palisade Wall x1 |
| 8:52 | alican43 · wall_segment Palisade Wall x1 |
| 8:52 | alican43 · wall_segment Palisade Wall x1 |
| 8:53 | alican43 · wall_segment Palisade Wall x1 |
| 8:53 | alican43 · wall_segment Palisade Wall x1 |
| 8:54 | alican43 · wall_segment Palisade Wall x1 |
| 8:54 | alican43 · wall_segment Palisade Wall x1 |
| 8:55 | alican43 · wall_segment Palisade Wall x1 |
| 8:56 | alican43 · wall_segment Palisade Wall x1 |
| 8:56 | alican43 · wall_segment Palisade Wall x1 |
| 8:57 | alican43 · wall_segment Palisade Wall x1 |
| 9:43 | alican43 · age_up feudal |
| 9:44 | alican43 · first_building Archery Range |
| 10:31 | Redwood MC9 · wall_segment Palisade Wall x1 |
| 16:03 | Redwood MC9 · wall_segment Palisade Wall x1 |
| 18:33 | Redwood MC9 · first_building Barracks |
| 22:06 | Redwood MC9 · wall_segment Palisade Wall x6 |
| 22:25 | Redwood MC9 · wall_segment Palisade Wall x9 |
| 22:27 | Redwood MC9 · wall_segment Palisade Wall x5 |
| 25:20 | Redwood MC9 · resign |
[ AI ANALYSIS · 1 CREDIT ]
What really happened in this match?
Wolo.gg analyzes every decision: build order, eco, micro, common mistakes by bracket. Personalized analysis on WhatsApp or Discord in 30 seconds.
Civ guide
Shu
Perfil
Jugador #4288723